 Dungeon Crawl Stone Soup version 0.18.1-50-g88ac8fd (webtiles) character file.

1449 Miyamura the Magician (level 8, -1/57 HPs)
             Began as a Mummy Ice Elementalist on Sept 16, 2016.
             Was an Initiate of Gozag.
             Slain by Menkaure (18 damage)
             ... on level 6 of the Dungeon.
             The game lasted 00:36:56 (12040 turns).

Miyamura the Magician (Mummy Ice Elementalist)     Turns: 12040, Time: 00:36:56

Health: -1/57      AC:  8    Str: 11    XL:     8   Next: 46%
Magic:  5/14       EV:  8    Int: 17    God:    Gozag
Gold:   207        SH:  0    Dex: 12    Spells: 5 memorised, 3 levels left

rFire  x . .     SeeInvis .     c - 107 stones
rCold  + . .     Gourm    .     a - +1 robe
rNeg   + + +     Faith    .     (no shield)
rPois  ∞         Spirit   .     i - +1 helmet
rElec  .         Dismiss  .     (no cloak)
rCorr  .         Reflect  .     (no gloves)
SustAt .         Harm     .     e - +2 pair of boots
MR     +....                    q - amulet of magic regeneration
Stlth  ++........               (no ring)
                                l - ring of flight (curse)

@: very slightly contaminated, somewhat resistant to hostile enchantments,
unstealthy
A: no food or potions, fire vulnerability, cold resistance 1, negative energy
resistance 3, torment resistance, unbreathing
a: Potion Petition, Call Merchant, Bribe Branch, Renounce Religion, Evoke Flight


You were on level 6 of the Dungeon.
You worshipped Gozag.
Gozag was noncommittal.
You were not hungry.

You visited 2 branches of the dungeon, and saw 9 of its levels.
You also visited: Ossuary.

You collected 835 gold pieces.
You spent 595 gold pieces at shops.
You paid 33 gold pieces to Gozag.

Inventory:

Hand Weapons
 n - a +0 whip of flaming
Missiles
 c - 107 stones (in hand)
Armour
 a - a +1 robe (worn)
 e - a +2 pair of boots (worn)
 i - a +1 helmet (worn)
 o - the +1 leather armour of Elyvilon's Generosity {rElec Str+6 Int-4}
   (You bought it in a shop on level 5 of the Dungeon)

   It affects your strength (+6).
   It affects your intelligence (-4).
   It insulates you from electricity.
Jewellery
 h - an uncursed amulet of dismissal
 l - a cursed ring of flight (left hand)
 q - an amulet of magic regeneration (around neck)
Wands
 k - a wand of digging (0/24)
 r - a wand of random effects (31/48)
Scrolls
 d - a scroll of identify
 g - 2 scrolls of recharging
 j - 2 scrolls of remove curse
 m - a scroll of enchant weapon
 p - 2 scrolls of teleportation
Books
 b - a book of Frost

   Spells                             Type                      Level
   a - Freeze                         Ice                          1
   b - Throw Frost                    Conjuration/Ice              2
   c - Ozocubu's Armour               Charms/Ice                   3
   d - Throw Icicle                   Conjuration/Ice              4
   e - Summon Ice Beast               Ice/Summoning                4
 f - a book of Geomancy

   Spells                             Type                      Level
   a - Sandblast                      Earth                        1
   b - Passwall                       Transmutation/Earth          2
   c - Stone Arrow                    Conjuration/Earth            3
   d - Petrify                        Transmutation/Earth          4
   e - Lee's Rapid Deconstruction     Earth                        5


   Skills:
 - Level 2.4 Fighting
 - Level 4.0 Dodging
 - Level 3.5 Stealth
 + Level 4.5 Spellcasting
 + Level 2.0 Conjurations
 - Level 2.5 Charms
 + Level 2.2 Summonings
 + Level 4.5 Ice Magic
 + Level 0.0 Earth Magic


You had 3 spell levels left.
You knew the following spells:

 Your Spells              Type           Power        Failure   Level  Hunger
a - Ozocubu's Armour      Chrm/Ice       ###.....     12%         3    N/A
b - Sandblast             Erth           #.....       17%         1    N/A
f - Freeze                Ice            ###.         2%          1    N/A
i - Throw Icicle          Conj/Ice       ###.....     45%         4    N/A
u - Summon Ice Beast      Ice/Summ       ###.....     38%         4    N/A

Dungeon Overview and Level Annotations

Branches:
Dungeon (8/15)             Temple (1/1) D:4            Lair (0/8) D:8

Altars:
Ashenzari
Cheibriados
Dithmenos
Fedhas
Gozag
Kikubaaqudgha
Makhleb
Nemelex Xobeh
Okawaru
Pakellas
Ru
Trog
Vehumet
Xom
Zin
The Shining One

Shops:
D:5 [:   D:7 *

Annotations:
D:5 go0n's ghost, novice TrBe
D:6 Menkaure; Turgon's ghost, amateur HEHu


Innate Abilities, Weirdness & Mutations

You do not eat or drink.
Your flesh is vulnerable to fire.
You are immune to poison.
Your flesh is cold resistant.
You are immune to negative energy.
You are immune to unholy pain and torment.
You can survive without breathing.


Message History

Menkaure barely misses you. The centaur zombie hits you.
Casting: Sandblast
Confirm with . or Enter, or press ? or * to list all spells.
Aiming: Sandblast
Press: ? - help, Shift-Dir - straight line, f/p - Menkaure
Aim: Menkaure (heavily damaged)
The rocky blast misses Menkaure.
Menkaure misses you.
The centaur zombie completely misses you.
Casting: Sandblast
Confirm with . or Enter, or press ? or * to list all spells.
Aiming: Sandblast
Press: ? - help, Shift-Dir - straight line, f/p - Menkaure
Aim: Menkaure (heavily damaged)
The rocky blast hits Menkaure.
Menkaure is severely damaged.
The centaur zombie hits you. Menkaure hits you!
* * * LOW HITPOINT WARNING * * *
The centaur zombie barely misses you. Menkaure hits you!!
You die...
Your body crumbles into a pile of gold.

########
########......#
#.....@#(.....#
#."..MZ'......#
#......#......#
#......#......#
#......#......#
#......#......#
#......#......#
#......#......#
#......#......#


You could see Menkaure and a centaur zombie.

Vanquished Creatures
  Grinder (D:3)
  A phantom (D:4)
  An ogre (D:5)
  3 water moccasin zombies (Ossuary)
  A scorpion (D:5)
  A crimson imp (D:5)
  A quasit (D:5)
  A hound (D:5)
  2 orc priests (D:4)
  2 jellies (D:6)
  4 orc wizards (D:4)
  Ijyb (D:3)
  Terence (D:2)
  An iguana (D:4)
  6 worker ants
  2 big kobold zombies (Ossuary)
  A hound skeleton (D:3)
  A mummy (Ossuary)
  7 adders
  2 river rats (D:5)
  2 shadow imps (D:5)
  2 oozes
  5 adder zombies (Ossuary)
  3 worms
  3 dart slugs
  7 giant geckos
  16 orcs
  3 ball pythons
  10 giant cockroaches
  10 goblins
  8 hobgoblins
  9 jackals
  9 kobolds
  3 quokkas
  7 bats
  A giant gecko skeleton (D:4)
  6 giant newts
  A gnoll zombie (Ossuary)
  3 hobgoblin zombies (Ossuary)
  5 kobold zombies (Ossuary)
  4 orc zombies (Ossuary)
  3 rats
160 creatures vanquished.

Vanquished Creatures (collateral kills)
  A mummy (Ossuary)
1 creature vanquished.

Vanquished Creatures (others)
  A water moccasin zombie (Ossuary)
  A big kobold zombie (Ossuary)
  A gnoll zombie (Ossuary)
3 creatures vanquished.

Grand Total: 164 creatures vanquished

Notes
Turn   | Place    | Note
--------------------------------------------------------------
     0 | D:1      | Miyamura the Mummy Ice Elementalist began the quest for the Orb.
     0 | D:1      | Reached XP level 1. HP: 13/13 MP: 3/3
   473 | D:1      | Reached XP level 2. HP: 19/19 MP: 5/5
  1764 | D:2      | Reached XP level 3. HP: 24/24 MP: 6/6
  1769 | D:2      | Learned a level 3 spell: Ozocubu's Armour
  1869 | D:2      | Found a shattered altar of Ashenzari.
  3099 | D:3      | Noticed Grinder
  3194 | D:3      | Noticed Terence
  3401 | D:2      | Reached XP level 4. HP: 29/30 MP: 3/7
  3536 | D:2      | Killed Terence
  4330 | D:3      | Reached skill level 1 in Charms
  4477 | D:3      | Paralysed by Grinder for 4 turns
  4558 | D:3      | Reached XP level 5. HP: 22/35 MP: 5/9
  5160 | D:4      | Found a sacrificial altar of Ru.
  5174 | D:4      | Found a staircase to the Ecumenical Temple.
  5183 | Temple   | Entered the Ecumenical Temple
  5425 | Temple   | Became a worshipper of Gozag Ym Sagoz the Greedy
  5743 | D:4      | Reached skill level 1 in Fighting
  5743 | D:4      | Reached XP level 6. HP: 27/43 MP: 1/10
  6697 | D:5      | Entered Level 5 of the Dungeon
  6773 | D:5      | Found Cepeis's Antique Armour Shoppe.
  6785 | D:5      | Bought a distressingly furry leather armour for 175 gold pieces
  6785 | D:5      | Identified the +1 leather armour of Elyvilon's Generosity {rElec Str+6 Int-4} (You bought it in a shop on level 5 of the Dungeon)
  6861 | D:5      | Found Fiwatesoex's Book Shop.
  6907 | D:5      | Noticed go0n's ghost (novice TrBe)
  6931 | D:5      | You fall through a shaft for 2 floors!
  6931 | D:7      | Found Gox Teewk's General Store.
  6931 | D:7      | Noticed a sky beast
  6967 | D:6      | Found a sand-covered staircase.
  6976 | Ossuary  | Entered an ossuary
  6995 | Ossuary  | Reached XP level 7. HP: 48/49 MP: 3/12
  7063 | Ossuary  | Learned a level 4 spell: Summon Ice Beast
  8398 | D:6      | Found a glowing silver altar of Zin.
  8418 | D:6      | Noticed Turgon's ghost (amateur HEHu)
  8434 | D:6      | You fall through a shaft for 2 floors!
  8434 | D:8      | Found a staircase to the Lair.
  8627 | D:5      | Learned a level 4 spell: Throw Icicle
  8873 | D:5      | Reached skill level 1 in Conjurations
  9005 | D:5      | Reached skill level 1 in Summonings
  9266 | D:4      | Reached XP level 8. HP: 57/57 MP: 7/13
  9351 | D:3      | Noticed Ijyb
  9550 | D:3      | Killed Grinder
  9913 | D:3      | Killed Ijyb
 10856 | D:5      | Found a burning altar of Makhleb.
 11046 | D:6      | Noticed Menkaure
 11063 | D:6      | HP: 1/57 [Menkaure (21)]
 11952 | D:5      | Bought a book of Geomancy for 420 gold pieces
 11954 | D:5      | Learned a level 1 spell: Sandblast
 12040 | D:6      | Slain by Menkaure

Skill      XL: |  1  2  3  4  5  6  7  8 |
---------------+-------------------------+-----
Stealth        | 2 3 |  3.5
Dodging        | 2 3 4 |  4.0
Ice Magic      | 3 4 |  4.5
Charms         | 1 2 |  2.5
Fighting       | 1 2 |  2.4
Spellcasting   | 3 4 |  4.5
Conjurations   | 1 2 |  2.0
Summonings     | 1 2 |  2.2

Action                   |  1- 3 |  4- 6 |  7- 9 || total
-------------------------+-------+-------+-------++-------
Melee: Short sword       |    80 |   105 |   265 ||   450
       Whip              |       |       |   155 ||   155
 Cast: Freeze            |    70 |   120 |    67 ||   257
       Ozocubu's Armour  |       |     4 |    13 ||    17
       Summon Ice Beast  |       |       |     4 ||     4
       Sandblast         |       |       |    10 ||    10
  Use: Scroll            |     1 |    10 |     6 ||    17
 Stab: Sleeping          |     2 |     2 |     2 ||     6
Armor: Robe              |    29 |    61 |   184 ||   274
Dodge: Dodged            |    99 |   148 |   343 ||   590
